 Dungeon Crawl Stone Soup version 0.22.1-2-g9c5b331 (webtiles) character file.

190 Harpaggios the Sneak (level 5, 0/24 HPs)
             Began as a Vine Stalker Enchanter on Dec 31, 2018.
             Was a Follower of Elyvilon.
             Slain by an adder (1 damage)
             ... in a sewer.
             The game lasted 00:13:51 (2748 turns).

Harpaggios the Sneak (Vine Stalker Enchanter)       Turns: 2748, Time: 00:13:52

Health: 0/24       AC:  2    Str: 11    XL:     5   Next: 69%
Magic:  0/9        EV: 12    Int: 15    God:    Elyvilon [*.....]
Gold:   239        SH:  2    Dex: 15    Spells: 3/8 levels left

rFire    . . .     SeeInvis .   k - +2 dagger (venom)
rCold    + . .     Gourm    .   (no shield)
rNeg     . . .     Faith    .   b - +0 robe
rPois    .         Spirit   +   (no helmet)
rElec    .         Reflect  +   (no cloak)
rCorr    .         Harm     .   (no gloves)
MR       .....                  (no boots)
Stlth    +++.......             f - +2 amulet of reflection
HPRegen  0.48/turn              (no ring)
MPRegen  0.11/turn              (no ring)

@: lethally poisoned (0 -> -11), protection
A: fangs 2, talons 1, cold resistance 1, regeneration 1, magic shield, antimagic
bite, no potion heal 3, rot immunity
a: Lesser Healing, Divine Protection, Renounce Religion


You were in a sewer.
You worshipped Elyvilon.
Elyvilon was aware of your devotion.
You were not hungry.

You visited 1 branch of the dungeon, and saw 4 of its levels.
You also visited: Sewer.

You collected 239 gold pieces.

Inventory:

Hand Weapons
 k - a +2 dagger of venom (weapon)
Armour
 b - a +0 robe (worn)
Jewellery
 f - a +2 amulet of reflection (around neck)
Scrolls
 c - 2 scrolls of remove curse {unknown}
 h - 5 scrolls of identify
Comestibles
 a - 7 chunks of flesh
 d - 10 rations


   Skills:
 - Level 0.8 Short Blades
 - Level 1.5 Dodging
 + Level 5.4 Stealth
 - Level 2.1 Spellcasting
 * Level 5.3 Hexes


You had 3 spell levels left.
You knew the following spells:

 Your Spells              Type           Power        Failure   Level  Hunger
a - Corona                Hex            ###....      2%          1    #......
b - Ensorcelled Hibernat  Hex/Ice        #.....       11%         2    ###....
c - Slow                  Hex            ###.....     3%          2    ###....

Your spell library contained the following spells:

 Spells                   Type           Power        Failure   Level  Hunger
 Confuse                  Hex            ###.....     7%          3    ###....
 Tukima's Dance           Hex            ###.....     7%          3    ###....
 Magic Dart               Conj           #...         22%         1    #......
 Dazzling Spray           Conj/Hex       #.....       22%         3    ###....
 Blink                    Tloc           N/A          32%         2    ###....
 Call Imp                 Summ           #.......     32%         2    ###....
 Conjure Flame            Conj/Fire      #.......     54%         3    ###....
 Mephitic Cloud           Conj/Pois/Air  #.......     54%         3    ###....


Dungeon Overview and Level Annotations

Branches:
Dungeon (4/15)
 Temple: D:4-7

Altars:
Elyvilon
Hepliaklqana


Innate Abilities, Weirdness & Mutations

You have extremely sharp teeth.
Your natural rate of healing is unusually fast.
When hurt, damage is shared between your health and your magic reserves.
Your bite disrupts and absorbs the magic of your enemies.
Potions cannot restore your health.
You are immune to rotting.
You have sharp toenails.
Your flesh is cold resistant. (rC+)


Message History

You are lethally poisoned!
The adder poisons you! The adder bites you.
You are healed.
You feel somewhat more hungry.
You feel sick.
The adder bites you but does no damage. x2
Casting: Ensorcelled Hibernation (safe; 11% risk of failure)
Confirm with . or Enter, or press ? or * to list all spells.
You don't have enough magic to cast that spell.
You closely miss the adder.
The adder is moderately wounded.
You feel sick. The adder bites you but does no damage. The adder bites you.
* * * LOW HITPOINT WARNING * * *
You are more poisoned.
The adder poisons you! The adder bites you.
* * * LOW HITPOINT WARNING * * *
You are more poisoned.
The adder poisons you!
You beseech Elyvilon to protect your life.
* * * LOW HITPOINT WARNING * * *
You feel sick. You block the adder's attack. The adder bites you.
You die...

############
≈≈≈≈.≈.S≈≈≈####
≈≈≈≈.≈≈S@≈≈≈≈≈####
≈#########.≈.≈≈≈≈##
####≈≈.≈≈##
###.≈≈≈## ##.≈..#
##≈≈≈## #÷≈..#
##≈≈≈# #≈≈≈#


You could see 2 adders.

Vanquished Creatures
  An orc wizard (D:3)
  A worker ant (D:4)
  3 adders
  5 oozes
  An adder skeleton (D:3)
  A worm (D:4)
  2 dart slugs
  6 leopard geckos (Sewer)
  4 orcs
  5 ball pythons
  5 giant cockroaches
  6 goblins
  6 hobgoblins
  2 quokkas (D:2)
  10 bats
  9 frilled lizards
  2 kobolds
  4 rats
73 creatures vanquished.

Notes
Turn   | Place    | Note
-------+----------+-------------------------------------------
     0 | D:1      | Harpaggios the Vine Stalker Enchanter began the quest for
                  | the Orb.
     0 | D:1      | Reached XP level 1. HP: 9/9 MP: 4/4
   230 | D:1      | Reached XP level 2. HP: 13/13 MP: 6/6
   913 | D:2      | Learned a level 2 spell: Ensorcelled Hibernation
   916 | D:2      | Reached XP level 3. HP: 16/16 MP: 4/7
  1084 | D:2      | Found a faded altar of an unknown god.
  1272 | D:2      | Found a hazy altar of Hepliaklqana.
  1595 | D:2      | Found a white marble altar of Elyvilon.
  1606 | D:2      | Became a worshipper of Elyvilon the Healer
  1766 | D:3      | Gained mutation: Your natural rate of healing is unusually
                  | fast. [Vine Stalker growth]
  1766 | D:3      | Reached XP level 4. HP: 10/21 MP: 4/8
  1794 | D:3      | Learned a level 2 spell: Slow
  2225 | D:3      | Reached * piety under Elyvilon
  2246 | D:3      | Reached skill level 5 in Stealth
  2267 | D:3      | Reached XP level 5. HP: 24/24 MP: 9/9
  2370 | D:3      | Gained mutation: You are clumsy. (Dex -2) [potion of
                  | mutation]
  2370 | D:3      | Gained mutation: Scrolls take you a little longer to read.
                  | [potion of mutation]
  2370 | D:3      | Gained mutation: You are covered in fur. (AC +1) [potion of
                  | mutation]
  2370 | D:3      | Gained mutation: You are robust. (+10% HP) [potion of
                  | mutation]
  2371 | D:3      | Lost mutation: You are robust. (+10% HP) [potion of
                  | mutation]
  2371 | D:3      | Lost mutation: You are covered in fur. (AC +1) [potion of
                  | mutation]
  2371 | D:3      | Lost mutation: You are clumsy. (Dex -2) [potion of
                  | mutation]
  2371 | D:3      | Lost mutation: Scrolls take you a little longer to read.
                  | [potion of mutation]
  2371 | D:3      | Gained mutation: Your flesh is cold resistant. (rC+)
                  | [potion of mutation]
  2371 | D:3      | Gained mutation: You have sharp toenails. [potion of
                  | mutation]
  2486 | D:4      | Found a glowing drain.
  2490 | D:4      | Reached skill level 5 in Hexes
  2507 | Sewer    | Entered a sewer
  2748 | Sewer    | HP: 1/24 [poisoned by an adder]
  2748 | Sewer    | Slain by an adder

Skill      XL: |  1  2  3  4  5 |
---------------+----------------+-----
Stealth        | 4 5 |  5.4
Hexes          | 4 5 |  5.3
Short Blades   | |  0.8
Dodging        | |  1.5
Spellcasting   | |  2.1

Action                   |  1- 3 |  4- 6 || total
-------------------------+-------+-------++-------
Melee: Dagger            |    80 |   169 ||   249
       Bite              |     9 |    36 ||    45
       Kick              |       |    16 ||    16
 Cast: Ensorcelled Hiber |     3 |     1 ||     4
       Slow              |       |     3 ||     3
       Corona            |       |     2 ||     2
Invok: Lesser Healing    |       |     2 ||     2
       Divine Protection |       |     1 ||     1
  Use: Scroll            |       |     5 ||     5
       Potion            |       |     5 ||     5
 Stab: Sleeping          |    13 |     3 ||    16
  Eat: Chunk             |     2 |     5 ||     7
Armor: Robe              |    14 |    22 ||    36
Dodge: Dodged            |    53 |   115 ||   168
Block: Other             |       |    16 ||    16
